 Dungeon Sprint DCSS version 0.29.1-2-gbd0b4ee654 (webtiles) character file.

Game seed: 6263494885740929962

10385 Zeld the Executioner (level 11, -32/169 HPs)
             Began as a Minotaur Berserker on Oct 27, 2022.
             Was an Elder of Trog.
             Killed from afar by an electric golem (40 damage)
             ... with a bolt of lightning
             ... in the Dungeon (Sprint II: "The Violet Keep of Menkaure").
             The game lasted 00:06:50 (4177 turns).

Zeld the Executioner (Minotaur Berserker)           Turns: 4177, Time: 00:06:51

Health: -32/169    AC:  6    Str: 26    XL:     11   Next: 35%
Magic:  10/10      EV: 16    Int:  4    God:    Trog [****..]
Gold:   484        SH:  0    Dex: 10    Spells: 10/10 levels left

rFire   . . .      SeeInvis .   a - +4 executioner's axe (flame)
rCold   . . .      Faith    .   (shield currently unavailable)
rNeg    . . .      Spirit   .   b - +0 troll leather armour
rPois   .          Reflect  .   (helmet restricted)
rElec   .          Harm     .   (no cloak)
rCorr   .          Rampage  .   (no gloves)
Will    .....      NoTele   +   (no boots)
Stlth   ..........              (no amulet)
HPRegen 1.18/turn               (no ring)
MPRegen 0.12/turn               (no ring)

@: berserking (expiring), very quick
A: horns 2, retaliatory headbutt
a: Renounce Religion, Berserk, Trog's Hand, Brothers in Arms


You were in the Dungeon.
You worshipped Trog.
Trog was greatly pleased with you.
You visited 1 branch You collected 1630 gold pieces.
You spent 1146 gold pieces at shops.

Inventory:

Hand Weapons
 a - a +4 executioner's axe of flaming (weapon)
Armour
 b - a +0 troll leather armour (worn)
Scrolls
 h - 2 scrolls of blinking
 j - 2 scrolls of fear {unknown}
 k - a scroll of silence {unknown}
 l - 3 scrolls of magic mapping {unknown}
 m - 4 scrolls of identify {unknown}
 p - 3 scrolls of enchant weapon {unknown}
 q - a scroll of immolation {unknown}
 r - a scroll of poison {unknown}
 v - 2 scrolls of amnesia {unknown}
 w - a scroll of brand weapon {unknown}
 y - a scroll of vulnerability {unknown}
 z - a scroll of fog {unknown}
Potions
 c - 10 potions of curing
 d - 7 potions of heal wounds
 e - a potion of haste
 f - 5 potions of magic
 g - a potion of berserk rage
 i - 4 potions of flight
 n - a potion of brilliance {unknown}
 o - 5 potions of might
 s - a potion of cancellation {unknown}
 t - 3 potions of resistance {unknown}
 u - 2 potions of attraction {unknown}
 x - 3 potions of mutation
 A - a potion of invisibility


   Skills:
 + Level 15.6 Fighting
 * Level 21.1 Axes
 + Level 15.3 Armour
 + Level 14.2 Dodging


You had 10 spell levels left.
You didn't know any spells.
Your spell library was empty.

Dungeon Overview and Level Annotations

Branches:
Dungeon (1/1)

Altars:
Cheibriados
Dithmenos
Elyvilon
Fedhas
Gozag
Hepliaklqana
Kikubaaqudgha
Makhleb
Nemelex Xobeh
Okawaru
Qazlal
Ru
Sif Muna
Trog
Uskayaw
Vehumet
Wu Jian
Xom
Yredelemnul
Zin
The Shining One
Jiyva
Lugonu

Shops:
D :(!*=[=([?*:[[!

Annotations:
D exclusion: oklob plant


Innate Abilities, Weirdness & Mutations

You have a pair of horns on your head.
You reflexively headbutt those who attack you in melee.


Message History

You feel yourself moving faster!
You feel mighty!
The electric golem hits you but does no damage.
The electric golem barely misses you. The electric golem hits you!
The electric golem closely misses you. The electric golem misses you.
The electric golem hits you. The electric golem shocks you!!
The electric golem hits you.
The electric golem completely misses you.
You closely miss the electric golem.
The electric golem is lightly damaged.
The electric golem hurls lightning at you.
The bolt of lightning hits you!! The bolt of lightning misses you.
The bolt of lightning hits the electric golem.
The electric golem completely resists.
Unknown command.
You barely miss the electric golem.
Your headbutt misses the electric golem.
The electric golem is lightly damaged.
Unknown command.
You barely miss the electric golem.
Your headbutt misses the electric golem.
The electric golem is lightly damaged.
The electric golem hurls lightning at you.
The bolt of lightning hits you!! The bolt of lightning hits you!!!
* * * LOW HITPOINT WARNING * * *
The bolt of lightning hits the electric golem.
The electric golem completely resists.
You are too injured to fight recklessly!
You miss the electric golem. You headbutt the electric golem!
The electric golem is lightly damaged.
The electric golem hurls lightning at you.
The bolt of lightning hits you!!
* * * LOW HITPOINT WARNING * * *
The bolt of lightning misses you.
The bolt of lightning hits the electric golem.
The electric golem completely resists.
Unknown command.
You feel a strong urge to attack something.
The electric golem hurls lightning at you.
The bolt of lightning hits you!!!
You die...

§≈§§ .§. #.#°.°▓▓▓▓▓▓▓▓▓▓ §§≈§
... #9#.°○▓§≈≈≈≈§§≈▓▓ ++#+++##
...#!##°|▓▓▓▓▓▓▓▓▓▓▓ .......#
..#.E#°[▓[.....:[▓▓ ##'##..#
#.#..#"|▓..).[[..▓▓ #.#.##.####
+.##.#}=▓).......▓▓ ..##.#....#
#..9####▓(.))....▓▓ #..#####..##
##..##.#▓..[..)).▓▓ ##'###.##..#
+.@#..#▓(.......▓▓ ##.##.#.#..#
#^.#))#▓....(.).▓▓
'.<.'###'§.####..##.#▓(...()()▓▓
##.##.#.#....###^..##▓▓▓▓▓▓▓'▓▓▓▓
##'###.##§.....§~~~~)~~~~~~~...≈≈
#...####~~§.§..~#'########§###.≈≈
.)#..#~~~~§~~§.~#..._._._#§~~##≈≈
#...##~~~§~~~~§~#_._._._.#§§≈§###
##'##~~~≈§≈~~~~§#._._._._#§§§~≈##


You could see an electric golem and an earth elemental.

Vanquished Creatures
  2 sphinxes (D)
  A kraken (D)
  A crystal guardian (D)
  2 death drakes (D)
  A deep troll (D)
  A merfolk siren (D)
  A yaktaur (D)
  3 polar bears (D)
  A hornet (D)
  7 flying skulls (D)
  2 wyverns (D)
  4 water moccasins (D)
  2 swamp drakes (D)
  4 necrophages (D)
  A hell rat (D)
  3 worms (D)
36 creatures vanquished.

Vanquished Creatures (collateral kills)
  A deep troll (D)
  5 flying skulls (D)
6 creatures vanquished.

Vanquished Creatures (others)
  Menkaure (D)
  A water moccasin (D)
  16 tentacles (D)
18 creatures vanquished.

Grand Total: 60 creatures vanquished

Notes
Turn   | Place    | Note
-------+----------+-------------------------------------------
     0 | D        | Zeld the Minotaur Berserker began the quest for the Orb.
     0 | D        | Reached XP level 1. HP: 19/19 MP: 0/0
     5 | D        | Reached skill level 4 in Axes
    12 | D        | Noticed an orange crystal statue
    19 | D        | Reached ** piety under Trog
    20 | D        | Reached XP level 2. HP: 15/27 MP: 1/1
    36 | D        | Noticed a water moccasin
    53 | D        | Killed a water moccasin
    63 | D        | Noticed a water moccasin
    72 | D        | Killed a water moccasin
    73 | D        | Reached skill level 8 in Axes
    73 | D        | Reached skill level 5 in Armour
    73 | D        | Reached skill level 5 in Dodging
    73 | D        | Reached XP level 3. HP: 21/37 MP: 2/2
    73 | D        | Reached XP level 4. HP: 26/44 MP: 3/3
    82 | D        | Killed Menkaure
   350 | D        | Noticed a wyvern
   350 | D        | Noticed a wyvern
   354 | D        | Killed a wyvern
   355 | D        | Reached skill level 10 in Axes
   355 | D        | Reached XP level 5. HP: 52/52 MP: 4/4
   358 | D        | Killed a wyvern
   359 | D        | Reached skill level 11 in Axes
   359 | D        | Reached XP level 6. HP: 62/62 MP: 5/5
   539 | D        | Reached *** piety under Trog
   540 | D        | Reached XP level 7. HP: 69/69 MP: 6/6
   544 | D        | Reached skill level 12 in Axes
   589 | D        | Noticed a merfolk siren
   598 | D        | Killed a merfolk siren
   598 | D        | Reached **** piety under Trog
   599 | D        | Reached skill level 10 in Fighting
   599 | D        | Reached skill level 13 in Axes
   939 | D        | Found Coeti Bair's Armour Emporium.
   939 | D        | Found Udel's Book Shoppe.
   940 | D        | Found Dairr's Antique Armour Shoppe.
   940 | D        | Found Piosycau's Antique Weapon Emporium.
   940 | D        | Found Hian's Jewellery Shoppe.
   941 | D        | Found Daesumes's Antique Armour Emporium.
   941 | D        | Found Siufow's Jewellery Shoppe.
   941 | D        | Found Adweh's Assorted Antiques.
   941 | D        | Found Huozez's Assorted Antiques.
   952 | D        | Reached XP level 8. HP: 62/79 MP: 7/7
   953 | D        | Found Qoaff's Distillery.
   953 | D        | Found Gitreed's Antique Weapon Emporium.
   953 | D        | Found Fuaq's Armour Shoppe.
   954 | D        | Found Nitide's Distillery.
   954 | D        | Found Derphydag's Magic Scroll Emporium.
  1054 | D        | Noticed an ice dragon
  1054 | D        | Noticed an oklob plant
  1055 | D        | Found Fokhig's Book Shoppe.
  1061 | D        | Noticed a cane toad
  1061 | D        | Noticed a cane toad
  1064 | D        | Bought 2 potions of heal wounds for 100 gold pieces
  1064 | D        | Bought a potion of heal wounds for 50 gold pieces
  1064 | D        | Bought a potion of curing for 30 gold pieces
  1076 | D        | Bought a potion of curing for 81 gold pieces
  1078 | D        | Bought a potion of curing for 72 gold pieces
  1078 | D        | Bought a potion of curing for 72 gold pieces
  1078 | D        | Bought a potion of curing for 72 gold pieces
  1081 | D        | Bought a scroll of blinking for 97 gold pieces
  1083 | D        | Bought a potion of flight for 30 gold pieces
  1083 | D        | Bought a potion of curing for 30 gold pieces
  1083 | D        | Bought 2 potions of curing for 60 gold pieces
  1083 | D        | Bought a potion of curing for 30 gold pieces
  1130 | D        | Found a glowing golden altar of the Shining One.
  1130 | D        | Found an ornate altar of the Wu Jian Council.
  1131 | D        | Found a shimmering altar of Xom.
  1131 | D        | Found a sacrificial altar of Ru.
  1132 | D        | Found a basalt altar of Yredelemnul.
  1132 | D        | Found a shimmering blue altar of Sif Muna.
  1133 | D        | Found a glowing silver altar of Zin.
  1133 | D        | Found a bloodstained altar of Trog.
  1133 | D        | Found an ancient bone altar of Kikubaaqudgha.
  1133 | D        | Found a stormy altar of Qazlal.
  1133 | D        | Found a viscous altar of Jiyva.
  1134 | D        | Found a hide-covered altar of Uskayaw.
  1134 | D        | Found a corrupted altar of Lugonu.
  1134 | D        | Found a shadowy altar of Dithmenos.
  1134 | D        | Found a hazy altar of Hepliaklqana.
  1134 | D        | Found a snail-covered altar of Cheibriados.
  1144 | D        | Found a radiant altar of Vehumet.
  1144 | D        | Found a burning altar of Makhleb.
  1144 | D        | Found a white marble altar of Elyvilon.
  1206 | D        | Found a sparkling altar of Nemelex Xobeh.
  1206 | D        | Found a blossoming altar of Fedhas.
  1207 | D        | Found an iron altar of Okawaru.
  1207 | D        | Found an opulent altar of Gozag.
  1292 | D        | Noticed a yaktaur
  1292 | D        | Noticed a hornet
  1292 | D        | Noticed a polar bear
  1292 | D        | Noticed a polar bear
  1293 | D        | Noticed a polar bear
  1307 | D        | Killed a polar bear
  1308 | D        | Reached skill level 14 in Axes
  1308 | D        | Reached skill level 10 in Armour
  1310 | D        | Killed a polar bear
  1320 | D        | Killed a polar bear
  1320 | D        | Reached ***** piety under Trog
  1325 | D        | Killed a yaktaur
  1326 | D        | Reached skill level 15 in Axes
  1326 | D        | Reached skill level 10 in Dodging
  1326 | D        | Killed a hornet
  1327 | D        | Reached XP level 9. HP: 33/90 MP: 8/8
  1611 | D        | Noticed a kraken
  1622 | D        | Received a gift from Trog
  1634 | D        | Reached skill level 16 in Axes
  1935 | D        | Reached skill level 17 in Axes
  1940 | D        | Received a gift from Trog
  1953 | D        | Reached XP level 10. HP: 22/101 MP: 9/9
  1956 | D        | Reached skill level 18 in Axes
  2205 | D        | Noticed a sixfirhy
  2841 | D        | Noticed a death drake
  2842 | D        | Noticed a death drake
  2852 | D        | Killed a death drake
  2866 | D        | Killed a death drake
  2868 | D        | Received a gift from Trog
  3051 | D        | Noticed a crystal guardian
  3064 | D        | Killed a crystal guardian
  3065 | D        | Reached skill level 19 in Axes
  3298 | D        | Killed a kraken
  3664 | D        | Bought a scroll labelled TUETAKHL XA ARO for 24 gold pieces
  3664 | D        | Bought a fuming brown potion for 21 gold pieces
  3664 | D        | Bought a scroll labelled SAUCILOMAA for 24 gold pieces
  3666 | D        | Bought a scroll labelled ARIUCREXIRGH for 27 gold pieces
  3666 | D        | Bought an inky potion for 24 gold pieces
  3666 | D        | Bought a scroll labelled SAUCILOMAA for 27 gold pieces
  3666 | D        | Bought a scroll labelled JIFYOTITAKK for 27 gold pieces
  3666 | D        | Bought 2 viscous grey potions for 48 gold pieces
  3675 | D        | Bought a potion of might for 40 gold pieces
  3675 | D        | Bought a potion of invisibility for 80 gold pieces
  3675 | D        | Bought a potion of mutation for 80 gold pieces
  3747 | D        | Noticed a deep troll
  3748 | D        | Noticed a deep troll
  3751 | D        | Killed a deep troll
  3752 | D        | Reached skill level 20 in Axes
  3752 | D        | Reached XP level 11. HP: 50/111 MP: 10/10
  3755 | D        | Killed a deep troll
  3756 | D        | Reached skill level 15 in Fighting
  4036 | D        | Noticed a sphinx
  4036 | D        | Noticed a sphinx
  4041 | D        | Killed a sphinx
  4042 | D        | Reached skill level 15 in Armour
  4043 | D        | Killed a sphinx
  4044 | D        | Reached skill level 21 in Axes
  4169 | D        | Noticed an electric golem
  4174 | D        | HP: 6/169 [electric golem/bolt of lightning (24)]
  4177 | D        | Killed from afar by an electric golem

Illustrated notes

Levels and vault maps discovered:
D:        the_violet_keep_of_menkaure [sprint2_stairs_cluster_1,
          sprint2_shoproom, sprint2_temple, sprint2_basic_supplies,
          sprint2_obstacle_5, sprint2_obstacle_1, sprint2_obstacle_4,
          sprint2_obstacle_6, sprint2_obstacle_7, sprint2_timed_cluster_1,
          sprint2_smallroom_cluster_1, sprint2_smallroom_final_cluster_1,
          sprint2_transparent_cluster_1, sprint2_second_timed_cluster_1,
          sprint2_sniper_area_1, sprint2_heavy_combat_area_1,
          sprint2_mutation_trap_area_1, sprint2_forest_area_1,
          sprint2_light_combat_area_1, sprint2_behind_water_1,
          sprint2_near_end_vault_1]

Skill      XL: |  1  2  3  4  5  6  7  8  9 10 11 |
---------------+----------------------------------+-----
Fighting       | 4 6 7 8 10 11 13 14 15 | 15.6
Axes           | 4 8 10 11 13 15 17 20 21 | 21.1
Armour         | 3 5 7 8 9 11 12 14 15 | 15.3
Dodging        | 3 5 6 7 8 10 11 13 14 | 14.2

Action                   |  1- 3 |  4- 6 |  7- 9 | 10-12 || total
-------------------------+-------+-------+-------+-------++-------
Melee: Hand axe          |    15 |    15 |    64 |       ||    94
       Headbutt          |     2 |     4 |    14 |     8 ||    28
       Punch             |       |       |     1 |       ||     1
       Battleaxe         |       |       |    30 |       ||    30
       Executioner's axe |       |       |       |    45 ||    45
Invok: Berserk           |     2 |     2 |     3 |     6 ||    13
       Brothers in Arms  |       |       |     2 |     1 ||     3
       Trog's Hand       |       |       |     1 |     3 ||     4
  Use: Scroll            |       |       |       |     1 ||     1
Armor: Animal skin       |     1 |     1 |    13 |     4 ||    19
       Troll leather arm |       |       |       |     2 ||     2
Dodge: Dodged            |     8 |     6 |    58 |    45 ||   117
